 Dungeon Crawl Stone Soup version 0.29-a0-1033-gb6c65ffae6 (webtiles) character file.

Game seed: 18417024844546029623

194 ytrimaz the Chopper (level 5, 0/61 HPs)
             Began as a Demonspawn Berserker on Aug 14, 2022.
             Was a Believer of Trog.
             Slain by a kobold brigand
             ... wielding a +0 short sword
              (2 damage)
             ... on level 4 of the Dungeon.
             The game lasted 00:03:47 (3895 turns).

ytrimaz the Chopper (Demonspawn Berserker)          Turns: 3895, Time: 00:03:47

Health: 0/61       AC:  5    Str: 19    XL:     5   Next: 44%
Magic:  5/5        EV: 12    Int:  8    God:    Trog [**....]
Gold:   227        SH:  4    Dex: 13    Spells: 4/4 levels left

rFire   . . .      SeeInvis .   a - +0 hand axe
rCold   . . .      Faith    .   (no shield)
rNeg    . . .      Spirit   .   l - +0 robe
rPois   .          Reflect  .   (helmet restricted)
rElec   .          Harm     .   j - +0 cloak
rCorr   .          Rampage  .   k - +1 pair of gloves
Will    ++...                   (no boots)
Stlth   ..........              (no amulet)
HPRegen 1.20/turn               (no ring)
MPRegen 0.09/turn               (no ring)

@: berserking, lethally poisoned (0 -> -1), strong-willed, regenerating, very
quick
A: horns 1, powered by pain 1, condensation shield
a: Renounce Religion, Berserk, Trog's Hand


You were on level 4 of the Dungeon.
You worshipped Trog.
Trog was pleased with you.
You visited 1 branch of the dungeon, and saw 4 of its levels.

You collected 227 gold pieces.

Inventory:

Hand Weapons
 a - a +0 hand axe (weapon)
Missiles
 i - 12 boomerangs (quivered)
Armour
 b - a +2 buckler
 j - a +0 cloak (worn)
 k - a +1 pair of gloves (worn)
 l - a +0 robe (worn)
Wands
 p - a wand of light (8)
Scrolls
 o - 2 scrolls of fog
Potions
 c - 2 potions of heal wounds
 d - 2 potions of flight
 e - a potion of resistance
 f - 2 potions of haste
 g - a potion of brilliance {unknown}
 h - a potion of might
 m - a potion of invisibility


   Skills:
 - Level 3.0 Fighting
 + Level 5.5 Axes
 * Level 1.0 Throwing
 - Level 1.7 Armour
 - Level 1.7 Dodging


You had 4 spell levels left.
You didn't know any spells.
Your spell library was empty.

Dungeon Overview and Level Annotations

Branches:
Dungeon (4/15)
 Temple: D:4-7

Altars:


Innate Abilities, Weirdness & Mutations

You have a pair of small horns on your head.
You sometimes gain a little power by taking damage.
A meltable shield of frost defends you. (SH +4)


Message History

The plant begins to die.
The kobold hits something with a +0 whip.
Your skin crawls.
You feel strong-willed.
You feel sick. Something hits you.
The kobold hits the plant with a +0 whip.
The kobold closely misses you.
The kobold hits you with a +0 short sword.
The kobold hits the plant with a +0 short sword.
A red film seems to cover your vision as you go berserk!
You feel yourself moving faster!
You feel mighty!
You feel sick.
The kobold hits the plant with a +0 whip.
Something hits you.
* * * LOW HITPOINT WARNING * * *
The kobold hits you with a +0 whip.
* * * LOW HITPOINT WARNING * * *
The kobold hits you with a +0 short sword.
* * * LOW HITPOINT WARNING * * *
The kobold hits you but does no damage.
The kobold hits the plant with a +0 short sword.
The kobold hits the plant with a +0 whip.
You closely miss something. You closely miss the kobold.
You barely miss the kobold. You slash the kobold!
You kill the kobold!
Trog accepts your kill.
You feel sick. Something hits you.
* * * LOW HITPOINT WARNING * * *
You block the kobold's attack. The kobold hits you with a +0 whip.
* * * LOW HITPOINT WARNING * * *
The kobold hits the plant with a +0 short sword.
The kobold hits the plant with a +0 whip.
You slash something! You closely miss the kobold. You slash the kobold!
You kill the kobold!
Trog accepts your kill.
You hit the kobold.
The kobold hits the plant with a +0 whip.
The kobold barely misses you.
The kobold hits the plant with a +0 short sword.
Something hits you.
You die...

....... ...†... .......
♣P..... P...K ## #.KK♣##
.#### #KPK{.## ....#####
#.K@..## ###.....## ##K).♣.#
#.....)# ##....## #......##
####....# ...
#.......###♣P##..).## ....
#.........#♣P####♣..#.....
#######.#.................#
......#.##.............##...
.####....#................##


You could see 7 kobolds.

Vanquished Creatures
  A hound (D:4)
  Terence (D:2)
  3 adders
  3 gnolls (D:4)
  2 dart slugs
  5 orcs (D:4)
  2 ball pythons
  2 bats
  3 endoplasms
  4 giant cockroaches
  3 goblins
  7 hobgoblins
  7 jackals
  13 kobolds
  6 quokkas
  3 frilled lizards
  4 rats
69 creatures vanquished.

Vanquished Creatures (others)
  17 plants (D:4)
17 creatures vanquished.

Grand Total: 86 creatures vanquished

Notes
Turn   | Place    | Note
-------+----------+-------------------------------------------
     0 | D:1      | ytrimaz the Demonspawn Berserker began the quest for the
                  | Orb.
     0 | D:1      | Reached XP level 1. HP: 18/18 MP: 1/1
   225 | D:1      | Reached skill level 3 in Axes
   351 | D:1      | Gained mutation: You sometimes gain a little power by
                  | taking damage. [demonic ancestry]
   351 | D:1      | Reached XP level 2. HP: 14/24 MP: 2/2
  1309 | D:2      | Gained mutation: You have a pair of small horns on your
                  | head. [demonic ancestry]
  1309 | D:2      | Reached XP level 3. HP: 17/29 MP: 3/3
  1707 | D:2      | Reached skill level 4 in Axes
  1792 | D:2      | Noticed Terence
  1802 | D:2      | Killed Terence
  2095 | D:2      | Reached XP level 4. HP: 34/35 MP: 4/4
  3004 | D:3      | Reached ** piety under Trog
  3433 | D:4      | Reached skill level 5 in Axes
  3437 | D:4      | Gained mutation: A meltable shield of frost defends you.
                  | (SH +4) [demonic ancestry]
  3437 | D:4      | Reached XP level 5. HP: 10/41 MP: 5/5
  3886 | D:4      | Reached skill level 1 in Throwing
  3894 | D:4      | HP: 1/61 [kobold/+0 whip (4)]
  3895 | D:4      | Slain by a kobold brigand

Illustrated notes

Levels and vault maps discovered:
D:1:      minmay_arrival_loop, layout_loops_ring, minmay_misc_feat_columns,
          lemuel_flame_loot_1
D:2:      kb_forest_paths, layout_loops_cross,
          ebering_ecumenical_altar_abandoned, uniq_terence
D:3:      layout_basic
D:4:      kennysheep_kobold_camp, layout_rooms

Skill      XL: |  1  2  3  4  5 |
---------------+----------------+-----
Axes           | 3 4 5 |  5.5
Throwing       | 1 |  1.0
Fighting       | |  3.0
Armour         | |  1.7
Dodging        | |  1.7

Action                   |  1- 3 |  4- 6 || total
-------------------------+-------+-------++-------
Melee: Hand axe          |    82 |    90 ||   172
       Punch             |     1 |       ||     1
       Headbutt          |     4 |    12 ||    16
Throw: Boomerang         |       |     4 ||     4
Invok: Berserk           |     1 |     3 ||     4
       Trog's Hand       |       |     2 ||     2
  Use: Scroll            |     3 |     8 ||    11
 Stab: Sleeping          |     3 |       ||     3
       Distracted        |       |     1 ||     1
Armor: Animal skin       |    22 |    12 ||    34
       Robe              |       |     8 ||     8
Dodge: Dodged            |    48 |    51 ||    99
Block: Other             |       |     8 ||     8

Table legend: (Time is in decaauts)
 A = Elapsed time spent in this place.
 B = Non-inter-level travel time spent in this place.
 C = Inter-level travel time spent in this place.
 D = Time resting spent in this place.
 E = Time spent auto-exploring this place.
 F = Levels seen in this place.
 G = Mean time per level.
                   A        B        C        D        E       F      G
               +--------+--------+--------+--------+--------+-----+--------+
         Total |   3935 |   3849 |     86 |    197 |   3117 |   4 |  983.8 |
       Dungeon |   3935 |   3849 |     86 |    197 |   3117 |   4 |  983.8 |
               +--------+--------+--------+--------+--------+-----+--------+

Top non-repeatable levels by time:
     D:1: 1306 daAuts
     D:2: 1153 daAuts
     D:3: 920 daAuts
     D:4: 554 daAuts
